 Dungeon Crawl Stone Soup version 0.19.1 (webtiles) character file.

705 CanadianGator the Ruffian (level 7, -1/57 HPs)
             Began as a Minotaur Transmuter on Dec 1, 2016.
             Was a Follower of Cheibriados.
             Slain by a sky beast (3 damage)
             ... on level 5 of the Dungeon.
             The game lasted 00:10:50 (3982 turns).

CanadianGator the Ruffian (Minotaur Transmuter)     Turns: 3982, Time: 00:10:51

Health: -1/57      AC:  4    Str: 17    XL:     7   Next: 39%
Magic:  2/8        EV: 14    Int: 12    God:    Cheibriados [*.....]
Gold:   263        SH:  0    Dex: 14    Spells: 3 memorised, 0 levels left

rFire  . . .     SeeInvis +       - Unarmed
rCold  . . .     Gourm    .     b - +0 robe
rNeg   . . .     Faith    .     (no shield)
rPois  .         Spirit   .     (helmet restricted)
rElec  .         Reflect  .     m - +0 cloak
rCorr  .         Harm     .     i - +0 pair of gloves
MR     .....                    (no boots)
Stlth  +.........               (no amulet)
                                j - ring of see invisible
                                k - ring of flight

@: very slightly contaminated, hasted, quick
A: retaliatory headbutt, horns 2
a: Bend Time, Renounce Religion, Evoke Flight


You were on level 5 of the Dungeon.
You worshipped Cheibriados.
Cheibriados was aware of your devotion.
You were not hungry.

You visited 1 branch of the dungeon, and saw 5 of its levels.

You collected 263 gold pieces.

Inventory:

Missiles
 a - 86 arrows
Armour
 b - a +0 robe (worn)
 i - a +0 pair of gloves (worn)
 m - a +0 cloak (worn)
Jewellery
 h - an uncursed ring of protection from cold
 j - a ring of see invisible (right hand)
 k - a ring of flight (left hand)
Wands
 r - a wand of random effects (20/48)
 s - a wand of lightning (9/15)
Scrolls
 e - 2 scrolls of remove curse {unknown}
 f - a scroll of enchant weapon
 l - a scroll of amnesia {unknown}
 o - a scroll of blinking {unknown}
 t - a scroll of noise {unknown}
 u - a scroll of teleportation
Potions
 g - a potion of degeneration
 n - a potion of might
 p - a potion of resistance
Books
 c - a book of Changes

   Spells                             Type                      Level
   a - Beastly Appendage              Transmutation                1
   b - Sticks to Snakes               Transmutation                2
   c - Spider Form                    Transmutation/Poison         3
   d - Ice Form                       Ice/Transmutation            4
   e - Blade Hands                    Transmutation                5


   Skills:
 + Level 3.3 Fighting
 * Level 4.4 Armour
 + Level 3.7 Dodging
 * Level 5.7 Unarmed Combat
 - Level 1.3 Spellcasting
 * Level 3.6 Transmutations


You couldn't memorise any spells.
You knew the following spells:

 Your Spells              Type           Power        Failure   Level  Hunger
a - Beastly Appendage     Tmut           #.....       8%          1    ##.....
b - Sticks to Snakes      Tmut           #.......     12%         2    ###....
c - Blade Hands           Tmut           #.........   99%         5    ######.


Dungeon Overview and Level Annotations

Branches:
Dungeon (5/15)
 Temple: D:4-7

Altars:
Cheibriados
Makhleb
Yredelemnul
The Shining One

Annotations:
D:5 Dowan


Innate Abilities, Weirdness & Mutations

You reflexively headbutt those who attack you in melee.
You have a pair of horns on your head.


Message History

Your adder bites Duvessa.
Duvessa dies!
You hear a distant wail of despair.
Your adder looks stronger.
Okay, then.
Dowan seems to find hidden reserves of power!
Dowan gestures wildly while chanting.
Dowan blinks!
The sky beast completely misses you. The sky beast hits you.
* * * LOW HITPOINT WARNING * * *
The sky beast shocks you.
* * * LOW HITPOINT WARNING * * *
You hit the sky beast.
The sky beast is moderately wounded.
Your adder misses Dowan. You hit the sky beast but do no damage.
The sky beast is moderately wounded.
The sky beast flickers out of sight for a moment.
The sky beast hits you.
You die...

#.###....e..eS.e.....#.#.#
#...<.##..##.######..#.#.#
#...####.####.# #..#.#.##
#.#.# .... ..####....Y..#
...#.#######
####.........# ### #..
...... ....####e##.###.
################ #....≈...
..........# ####.####
##########@# ##.## . #Y##
##...## #.####e.##
##.....# #.....S..##
#.≈....# ######....#
#.####.## .........+ #.#
#... #######..## #.# #.##
...........# #.# #.#
######..##.#########.#


You could see a sky beast (invisible), Dowan and a friendly adder.

Vanquished Creatures
  The ghost of CanadianGator the Ruffian, an amateur MiTm (D:4)
  An ogre (D:4)
  A scorpion (D:4)
  A howler monkey (D:5)
  A hound (D:4)
  Ijyb (D:3)
  An iguana (D:4)
  A worker ant (D:5)
  3 gnolls (D:2)
  6 adders
  An ooze (D:1)
  A worm (D:2)
  5 dart slugs
  2 leopard geckos
  9 orcs
  3 ball pythons
  2 giant cockroaches
  4 goblins
  15 hobgoblins
  5 kobolds
  A quokka (D:2)
  8 bats
  4 frilled lizards
  A quokka skeleton (D:4)
  8 rats
86 creatures vanquished.

Vanquished Creatures (collateral kills)
  Duvessa (D:5)
  An ogre (D:5)
2 creatures vanquished.

Grand Total: 88 creatures vanquished

Notes
Turn   | Place    | Note
-------+----------+-------------------------------------------
     0 | D:1      | CanadianGator the Minotaur Transmuter began the quest for the Orb.
     0 | D:1      | Reached XP level 1. HP: 16/16 MP: 1/1
    65 | D:1      | Reached skill level 1 in Armour
   289 | D:1      | Reached XP level 2. HP: 23/23 MP: 3/3
   758 | D:1      | Reached XP level 3. HP: 24/29 MP: 4/4
   882 | D:2      | Found a burning altar of Makhleb.
  1260 | D:2      | Reached XP level 4. HP: 11/36 MP: 5/5
  1369 | D:2      | Reached skill level 4 in Unarmed Combat
  2173 | D:3      | Reached XP level 5. HP: 24/41 MP: 6/6
  2209 | D:3      | Learned a level 2 spell: Sticks to Snakes
  2342 | D:3      | Found a snail-covered altar of Cheibriados.
  2342 | D:3      | Found a glowing golden altar of the Shining One.
  2347 | D:3      | Found a basalt altar of Yredelemnul.
  2352 | D:3      | Became a worshipper of Cheibriados the Contemplative
  2371 | D:3      | Noticed Ijyb
  2382 | D:3      | Killed Ijyb
  2921 | D:4      | Noticed CanadianGator's ghost (amateur MiTm)
  2946 | D:4      | Killed CanadianGator's ghost
  2946 | D:4      | Reached skill level 5 in Unarmed Combat
  2946 | D:4      | Reached XP level 6. HP: 13/50 MP: 2/7
  3071 | D:4      | Reached * piety under Cheibriados
  3320 | D:4      | Reached XP level 7. HP: 30/57 MP: 1/8
  3720 | D:4      | Learned a level 5 spell: Blade Hands
  3886 | D:5      | Entered Level 5 of the Dungeon
  3906 | D:5      | Noticed Duvessa
  3913 | D:5      | Noticed Dowan
  3977 | D:5      | Killed Duvessa
  3980 | D:5      | HP: 2/57 [sky beast (5)]
  3982 | D:5      | Slain by a sky beast

Skill      XL: |  1  2  3  4  5  6 |
---------------+-------------------+-----
Armour         | 1 2 3 4 |  4.4
Transmutations | 2 3 |  3.6
Unarmed Combat | 4 5 |  5.7
Fighting       | 2 3 |  3.3
Dodging        | 3 |  3.7
Spellcasting   | |  1.3

Action                   |  1- 3 |  4- 6 |  7- 9 || total
-------------------------+-------+-------+-------++-------
Melee: Unarmed           |    90 |   144 |    21 ||   255
       Headbutt          |     9 |    25 |     6 ||    40
       Punch             |     1 |     3 |     1 ||     5
       Kick              |     8 |       |     2 ||    10
 Cast: Beastly Appendage |     2 |       |     1 ||     3
       Sticks to Snakes  |       |     3 |     7 ||    10
  Use: Scroll            |     2 |     2 |     1 ||     5
       Potion            |       |     2 |     2 ||     4
 Stab: Sleeping          |     1 |     1 |       ||     2
  Eat: Bread ration      |       |     2 |       ||     2
       Chunk             |       |     1 |       ||     1
Armor: Robe              |    20 |    18 |     4 ||    42
Dodge: Dodged            |    77 |    82 |    20 ||   179
